 Dungeon Crawl Stone Soup version 0.30-b1-2-g02819fbbbe (webtiles) character file.

Game seed: 14332899310598053075

1809 ElMinstaer the Grappler (level 8, -1/130 HPs)
             Began as a Troll Berserker on May 20, 2023.
             Was a Priest of Trog.
             Slain by a manticore (11 damage)
             ... on level 6 of the Dungeon.
             The game lasted 00:16:30 (5057 turns).

ElMinstaer the Grappler (Troll Berserker)           Turns: 5057, Time: 00:16:32

Health: -1/130     AC:  4    Str: 28    XL:     8   Next: 84%
Magic:  7/7        EV: 10    Int:  3    God:    Trog [***...]
Gold:   345        SH:  0    Dex:  9    Spells: 7/7 levels left

rFire   . .          .
                       - Unarmed
rCold   . . .        (no shield)
rNeg    . . .        a - +0 animal skin
rPois   .            (helmet restricted)
rElec   .            (no cloak)
rCorr   .            (gloves unavailable)
SInv    .            (boots unavailable)
Will    .....        (no amulet) Stlth
                     (no ring)
HPRegen 1.21/turn    (no ring)
MPRegen 0.10/turn

%: no passive effects
@: berserking, slowed
A: large, unfitting armour, claws 3, regeneration 1, shaggy fur 1, tough skin 1
a: Renounce Religion, Berserk, Trog's Hand


You were on level 6 of the Dungeon.
You worshipped Trog.
Trog was most pleased with you.
You visited 2 branches of the dungeon, and saw 7 of its levels.
You also visited: Sewer.

You collected 345 gold pieces.

Inventory:

Hand Weapons
 j - a +4 giant club
Missiles
 f - 78 stones
 n - 39 poisoned darts (quivered)
 t - a curare-tipped dart
 y - 4 large rocks
Armour
 a - a +0 animal skin (worn)
Jewellery
 r - a ring of ice
 E - a ring of positive energy
Wands
 p - a wand of roots (8)
 F - a wand of mindburst (19)
Scrolls
 b - a scroll of amnesia {unknown}
 d - a scroll of poison {unknown}
 e - a scroll of immolation {unknown}
 g - 2 scrolls of blinking
 h - a scroll of summoning {unknown}
 i - a scroll of enchant weapon
 l - 2 scrolls of fog {unknown}
 v - a scroll of magic mapping {unknown}
 w - a scroll of enchant armour {unknown}
 x - 2 scrolls of teleportation {unknown}
 D - a scroll of noise {unknown}
Potions
 c - 2 potions of lignification
 k - 2 potions of invisibility
 m - a potion of resistance
 o - a potion of degeneration {unknown}
 q - 5 potions of curing
 s - a potion of brilliance {unknown}
 u - 2 potions of haste {unknown}
 z - a potion of flight {unknown}
 A - 2 potions of ambrosia
 B - a potion of attraction {unknown}
 C - a potion of magic {unknown}
 G - a potion of berserk rage {unknown}
 H - a potion of cancellation {unknown}


   Skills:
 + Level 7.3 Fighting
 * Level 3.6 Dodging
 - Level 8.0 Unarmed Combat


You had 7 spell levels left.
You didn't know any spells.
Your spell library was empty.

Dungeon Overview and Level Annotations

Branches:
Dungeon (6/15)             Temple (1/1) D:4           Sewer (visited)

Altars:
Ashenzari
Cheibriados
Elyvilon
Fedhas
Gozag
Hepliaklqana
Kikubaaqudgha
Makhleb
Okawaru
Sif Muna
Trog
Uskayaw
Vehumet
Wu Jian
Xom
Yredelemnul
Zin
The Shining One


Innate Abilities, Weirdness & Mutations

You are too large for most types of armour.
You have claws for hands.
Your natural rate of healing is unusually fast.
You are covered in fur. (AC +1)
You have tough skin. (AC +1)


Message History

Trog accepts your kill.
You feel sick.
Press: ? - help, v - describe, . - travel, g - get item
Here: a manticore
Items here: a +0 dagger; a curare-tipped dart.
The floor, spattered with blood.
A red film seems to cover your vision as you go berserk!
You feel yourself moving faster!
You feel mighty!
You feel sick. The manticore bites you! The manticore closely misses you.
The manticore claws you!
You claw the manticore!
The manticore is moderately wounded.
You feel sick.
The manticore bites you but does no damage.
The manticore claws you.
The manticore claws you but does no damage.
You claw the manticore!
The manticore is heavily wounded.
You feel sick. The manticore bites you!
* * * LOW HITPOINT WARNING * * *
The manticore claws you.
* * * LOW HITPOINT WARNING * * *
The manticore claws you.
* * * LOW HITPOINT WARNING * * *
You scratch the manticore.
The manticore is severely wounded.
You feel sick. The manticore bites you!
* * * LOW HITPOINT WARNING * * *
The manticore claws you.
* * * LOW HITPOINT WARNING * * *
The manticore claws you.
* * * LOW HITPOINT WARNING * * *
You scratch the manticore.
The manticore is severely wounded.
You feel sick.
You are no longer poisoned.
The manticore bites you.
* * * LOW HITPOINT WARNING * * *
The manticore claws you!
You die...

##### ##...##
##.###.## ### #
#.## ##.######
#.##.# #.#
#......###.H.#
#.## ##.###...##@#
##.###.###.#.....#
###...#####.#.#..#
#............#####
#.#...######.#
#.##...# #.#
#.####.# #.#
...###.# #.#
....##.# #.#


You could see a manticore.

Vanquished Creatures
  The ghost of arta456 the Conjurer, a novice DECj of Zin (D:5)
  An ice beast (D:5)
  4 ogres (D:5)
  5 kobold brigands
  A phantom (D:5)
  A gnoll sergeant (D:5)
  A scorpion (D:3)
  3 hounds
  3 orc priests
  2 sleepcaps
  4 orc wizards
  Ijyb (D:5)
  An iguana (D:5)
  2 river rats
  7 adders
  6 gnolls
  2 worms (Sewer)
  A dart slug (D:3)
  14 orcs
  4 endoplasms
  4 giant cockroaches (D:3)
  7 goblins
  5 hobgoblins
  2 jackals (D:5)
  3 quokkas
  6 ball pythons
  3 bats (D:3)
  2 frilled lizards (D:3)
  12 kobolds
  11 rats
119 creatures vanquished.

Notes
Turn   | Place    | Note
-------+----------+-------------------------------------------
     0 | D:1      | ElMinstaer the Troll Berserker began the quest for the Orb.
     0 | D:1      | Reached XP level 1. HP: 22/22 MP: 0/0
   508 | D:1      | Reached XP level 2. HP: 29/29 MP: 1/1
   771 | D:2      | Reached skill level 4 in Unarmed Combat
   771 | D:2      | Reached XP level 3. HP: 34/36 MP: 2/2
   788 | D:2      | Reached XP level 4. HP: 21/45 MP: 3/3
  1175 | D:2      | Found a faded altar of an unknown god.
  1510 | D:3      | Found a glowing drain.
  1532 | Sewer    | Entered a sewer
  1556 | Sewer    | Reached ** piety under Trog
  1634 | Sewer    | Noticed a kobold brigand
  1640 | Sewer    | Noticed a kobold brigand
  1646 | Sewer    | Killed a kobold brigand
  1647 | Sewer    | Reached skill level 5 in Unarmed Combat
  1647 | Sewer    | Reached XP level 5. HP: 53/53 MP: 4/4
  1776 | Sewer    | Reached skill level 6 in Unarmed Combat
  1776 | Sewer    | Reached XP level 6. HP: 56/62 MP: 5/5
  2636 | D:4      | Reached XP level 7. HP: 70/70 MP: 6/6
  2750 | D:4      | Found a staircase to the Ecumenical Temple.
  2758 | D:4      | Reached skill level 7 in Unarmed Combat
  2761 | D:4      | Reached *** piety under Trog
  3215 | Temple   | Entered the Ecumenical Temple
  3520 | D:5      | Entered Level 5 of the Dungeon
  3573 | D:5      | Noticed arta456's ghost (novice DECj)
  3581 | D:5      | Found a basalt altar of Yredelemnul.
  3846 | D:5      | HP: 1/71 [gnoll sergeant/+0 trident (14)]
  3851 | D:5      | HP: 1/71 [gnoll sergeant/+0 trident (7)]
  3937 | D:5      | Noticed Ijyb
  3957 | D:5      | Killed Ijyb
  3958 | D:5      | Reached skill level 8 in Unarmed Combat
  4000 | D:5      | Found a transporter.
  4046 | D:5      | Reached skill level 5 in Fighting
  4046 | D:5      | Reached XP level 8. HP: 30/80 MP: 7/7
  4282 | D:5      | Found a transporter.
  4485 | D:5      | Killed arta456's ghost
  5048 | D:6      | Noticed a manticore
  5057 | D:6      | Slain by a manticore

Illustrated notes

Levels and vault maps discovered:
D:1:      dpeg_arrival_solitude, layout_rooms, serial_forest,
          infiniplex_forest_lined_2, infiniplex_forest_clump_tiny,
          infiniplex_forest_straight_2, infiniplex_forest_split,
          infiniplex_forest_straight_3, infiniplex_forest_straight_5,
          infiniplex_forest_end_2
D:2:      layout_loops_corners, nicolae_ecumenical_lake_church,
          guppyfry_early_lair_pool
D:3:      layout_rooms, portal_sewer_entry_c, serial_aquarium,
          aquarium_bridge_square [aquarium_subvault_window,
          aquarium_subvault_bridge, aquarium_subvault_balcony,
          aquarium_subvault_window], aquarium_window_1,
          aquarium_window_corridor_1, aquarium_view_2e, aquarium_view_2d,
          aquarium_balcony_1b, aquarium_pool_five
D:4:      layout_rooms, minmay_temple_entry_nine_rooms
D:5:      layout_gridville, mainiacjoe_overflow_chevrons, gammafunk_ghost_smash,
          uniq_ijyb
D:6:      minmay_cornered_nines, layout_loops_ring, nicolae_underground_beach
Temple:   minmay_temple_bridge_d

Skill      XL: |  1  2  3  4  5  6  7  8 |
---------------+-------------------------+-----
Unarmed Combat | 4 5 6 8 |  8.0
Fighting       | 3 4 5 7 |  7.3
Dodging        | 3 |  3.6

Action                     |  1- 3 |  4- 6 |  7- 9 || total
---------------------------+-------+-------+-------++-------
  Melee: Unarmed           |    50 |   151 |   147 ||   348
         Punch             |     1 |     5 |     6 ||    12
  Throw: Dart              |       |       |     3 ||     3
 Invoke: Berserk           |       |     2 |     3 ||     5
         Trog's Hand       |       |       |     1 ||     1
    Use: Scroll            |       |     2 |     4 ||     6
         Potion            |       |       |     1 ||     1
 Armour: Animal skin       |    13 |    33 |    22 ||    68
  Dodge: Dodged            |    10 |    73 |    39 ||   122
